 Dungeon Crawl Stone Soup version 0.26-a0-712-ga5a9c9c9d0 (webtiles) character file.

Game seed: 12789676688545724066

35 kae the Insei (level 3, -2/26 HPs)
             Began as a Demonspawn Transmuter on Nov 10, 2020.
             Slain by an adder (4 damage)
             ... on level 2 of the Dungeon.
             The game lasted 00:00:36 (1242 turns).

kae the Insei (Demonspawn Transmuter)               Turns: 1242, Time: 00:00:37

Health: -2/26      AC:  2    Str: 11    XL:     3   Next: 16%
Magic:  5/6        EV: 12    Int: 14    God:
Gold:   34         SH:  0    Dex: 13    Spells: 5/6 levels left

rFire    . . .     SeeInvis .     - Unarmed
rCold    . . .     Faith    .   (no shield)
rNeg     . . .     Spirit   .   a - +0 robe
rPois    .         Reflect  .   (no helmet)
rElec    .         Harm     .   (no cloak)
rCorr    .         Rampage  .   (no gloves)
MR       .....                  (no boots)
Stlth    +.........             (no amulet)
HPRegen  0.08/turn              (no ring)
MPRegen  0.10/turn              (no ring)

@: lethally poisoned (-2 -> -4)
A: talons 1
a: no special abilities


You were on level 2 of the Dungeon.
You visited 1 branch of the dungeon, and saw 2 of its levels.

You collected 34 gold pieces.

Inventory:

Armour
 a - a +0 robe (worn)
Jewellery
 b - an uncursed ring of poison resistance {unknown}
Scrolls
 c - a scroll of identify {unknown}
 d - a scroll of amnesia {unknown}


   Skills:
 - Level 1.0 Fighting
 - Level 2.0 Dodging
 * Level 3.1 Unarmed Combat
 + Level 2.2 Spellcasting
 * Level 2.4 Transmutations


You had 5 spell levels left.
You knew the following spells:

 Your Spells              Type           Power        Failure   Level
a - Beastly Appendage     Tmut           #.....       9%          1

Your spell library contained the following spells:

 Spells                   Type           Power        Failure   Level
 Wereblood                Tmut           #.......     13%         2
 Spider Form              Tmut/Pois      #.........   38%         3
 Ice Form                 Ice/Tmut       #.......     80%         4
 Blade Hands              Tmut           #.........   93%         5


Dungeon Overview and Level Annotations

Branches:
Dungeon (2/15)

Altars:


Innate Abilities, Weirdness & Mutations

You have sharp toenails.


Message History

The adder is lightly wounded.
The adder barely misses you. The rat misses you.
You barely miss the adder. You claw the adder.
The adder is moderately wounded.
The adder closely misses you. The rat closely misses you.
You hit the adder but do no damage. Your kick misses the adder.
The adder is moderately wounded.
The adder barely misses you. The rat bites you.
* * * LOW HITPOINT WARNING * * *
The adder barely misses you.
You closely miss the adder. Your kick misses the adder.
The adder is moderately wounded.
* * * LOW HITPOINT WARNING * * *
You feel sick. The adder bites you.
* * * LOW HITPOINT WARNING * * *
The rat closely misses you.
You barely miss the adder.
The adder is moderately wounded.
The adder bites you.
You die...

#######
##.....##
#..@<...#
#...Sr!...#
#.........#
#.........#
#.$.......#
#.........#
##.......##
......[..


You could see an adder and a rat.

Vanquished Creatures
  An adder (D:2)
  A leopard gecko (D:1)
  2 bats (D:1)
  3 giant cockroaches (D:1)
  3 goblins
  5 hobgoblins (D:1)
  4 jackals (D:1)
  A frilled lizard (D:1)
  A rat (D:1)
21 creatures vanquished.

Vanquished Creatures (others)
  2 plants (D:2)
2 creatures vanquished.

Grand Total: 23 creatures vanquished

Notes
Turn   | Place    | Note
-------+----------+-------------------------------------------
     0 | D:1      | kae the Demonspawn Transmuter began the quest for the Orb.
     0 | D:1      | Reached XP level 1. HP: 15/15 MP: 3/3
   291 | D:1      | Mutation became permanent: You have sharp toenails.
                  | [demonic ancestry]
   291 | D:1      | Gained mutation: You have razor-sharp toenails. [demonic
                  | ancestry]
   291 | D:1      | Reached XP level 2. HP: 17/21 MP: 3/5
   424 | D:1      | Reached skill level 3 in Unarmed Combat
  1229 | D:2      | Reached XP level 3. HP: 21/26 MP: 4/6
  1242 | D:2      | Slain by an adder

Illustrated notes

Levels and vault maps discovered:
D:1:      dpeg_arrival_prison, layout_loops_corners, due_unseen_surprise
D:2:      layout_rooms, kennysheep_nub, serial_bayou_lagoon_b

Skill      XL: |  1  2 |
---------------+-------+-----
Transmutations | 2 |  2.4
Dodging        | 2 |  2.0
Unarmed Combat | 3 |  3.1
Fighting       | |  1.0
Spellcasting   | |  2.2

Action                   || total
-------------------------++-------
Melee: Unarmed           ||    58
       Headbutt          ||    11
       Kick              ||    11
 Cast: Beastly Appendage ||    13
Armor: Robe              ||     5
Dodge: Dodged            ||    51

Table legend: (Time is in decaauts)
 A = Elapsed time spent in this place.
 B = Non-inter-level travel time spent in this place.
 C = Inter-level travel time spent in this place.
 D = Time resting spent in this place.
 E = Time spent auto-exploring this place.
 F = Levels seen in this place.
 G = Mean time per level.
                   A        B        C        D        E       F      G
               +--------+--------+--------+--------+--------+-----+--------+
         Total |   1238 |   1233 |      5 |      0 |   1108 |   2 |  619.0 |
       Dungeon |   1238 |   1233 |      5 |      0 |   1108 |   2 |  619.0 |
               +--------+--------+--------+--------+--------+-----+--------+

Top non-repeatable levels by time:
     D:1: 1220 daAuts
     D:2: 17 daAuts
